 Dungeon Crawl Stone Soup version 0.29-a0-322-g68df515428 (webtiles) character file.

Game seed: 340433173699752200

15748 KennySheep the Carver (level 12, -2/106 HPs)
             Began as a Purple Draconian Berserker on Apr 8, 2022.
             Was an Elder of Trog.
             Slain by a redback (11 damage)
             ... in a Gauntlet.
             The game lasted 00:39:44 (14237 turns).

KennySheep the Carver (Purple Draconian Berserker) Turns: 14237, Time: 00:39:44

Health: -2/106     AC: 16    Str: 19    XL:     12   Next: 4%
Magic:  12/12      EV: 15    Int: 10    God:    Trog [****..]
Gold:   1504       SH:  4    Dex: 14    Spells: 11/11 levels left

rFire   . . .      SeeInvis .   a - +2 demon blade (venom)
rCold   . . .      Faith    .   H - +0 buckler
rNeg    . . .      Spirit   .   (body armour unavailable)
rPois   .          Reflect  .   (helmet restricted)
rElec   .          Harm     .   n - +2 cloak
rCorr   .          Rampage  .   (no gloves)
Will    ++++.      NoTele   +   v - +0 pair of boots
Stlth   ++++......              B - amulet of regeneration
HPRegen 2.07/turn               k - ring of willpower
MPRegen 0.13/turn               h - +4 ring of protection

@: lethally poisoned (-2 -> -74), strong-willed, regenerating
A: breathe power, AC +8, unfitting armour, cold-blooded
a: Breathe Dispelling Energy, Renounce Religion, Berserk, Trog's Hand, Brothers
in Arms


You were in a Gauntlet.
You worshipped Trog.
Trog was greatly pleased with you.
You visited 3 branches of the dungeon, and saw 14 of its levels.
You also visited: Gauntlet and Ice Cave.

You collected 1625 gold pieces.
You spent 121 gold pieces at shops.

Inventory:

Hand Weapons
 a - a +2 demon blade of venom (weapon)
 b - a +4 dagger of chaos
Missiles
 E - 6 throwing nets (quivered)
Armour
 n - a +2 cloak (worn)
 v - a +0 pair of boots (worn)
 H - a +0 buckler (worn)
Jewellery
 h - a +4 ring of protection (right hand)
 j - a ring of poison resistance
 k - a ring of willpower (left hand)
 B - an amulet of regeneration (around neck)
 C - a ring of protection from fire
 D - a ring of willpower
 J - the amulet of the Supporting Gods {Acrobat rC+}
   (You found it in a Gauntlet)

   [amulet of the acrobat]

   It increases your evasion while moving and waiting.
   rC:        It protects you from cold.
Wands
 r - a wand of polymorph (9)
 t - a wand of charming (9)
 x - a wand of flame (21)
 y - a wand of iceblast (5)
 G - a wand of mindburst (6)
Scrolls
 f - 3 scrolls of identify
 g - a scroll of holy word
 i - 4 scrolls of fog
 q - 7 scrolls of teleportation
 w - a scroll of enchant armour
Potions
 c - 3 potions of curing
 d - a potion of resistance {unknown}
 e - a potion of ambrosia
 l - 2 potions of invisibility
 m - 2 potions of magic
 o - 2 potions of heal wounds {unknown}
 p - 2 potions of attraction
 s - 2 potions of lignification
 u - a potion of haste {unknown}
 z - a potion of cancellation {unknown}
 A - 2 potions of mutation
 F - a potion of flight {unknown}
 I - a potion of degeneration {unknown}


   Skills:
 + Level 9.7 Fighting
 + Level 13.9 Long Blades
 + Level 7.8 Dodging
 + Level 7.9 Stealth
 + Level 2.1 Shields
 + Level 2.3 Evocations


You had 11 spell levels left.
You didn't know any spells.
Your spell library was empty.

Dungeon Overview and Level Annotations

Branches:
Dungeon (10/15)            Temple (1/1) D:5            Lair (3/6) D:10
  IceCv (visited)         Gauntlet (1/1)
  Swamp: Lair:2-4    Shoals: Lair:2-4     Snake: Lair:2-4    Spider: Lair:2-4
    Orc: D:9-12

Altars:
Ashenzari
Cheibriados
Dithmenos
Elyvilon
Fedhas
Gozag
Hepliaklqana
Kikubaaqudgha
Makhleb
Nemelex Xobeh
Okawaru
Qazlal
Ru
Sif Muna
Trog
Uskayaw
Vehumet
Wu Jian
Xom
Yredelemnul
Zin
The Shining One

Shops:
D:8 **

Annotations:
D:8 2 transporters, Cecur's ghost, novice OpEE
Lair:3 Amaemon Gauntlet 6 transporters, 1 runed translucent door


Innate Abilities, Weirdness & Mutations

You can breathe bolts of dispelling energy.
Your rich purple scales are hard. (AC +8)
You cannot fit into any form of body armour.
You are cold-blooded and may be slowed by cold attacks.


Message History

You see here the amulet of the Supporting Gods {Acrobat rC+}.
J - the amulet of the Supporting Gods {Acrobat rC+} You block the redback's attack.
The redback barely misses you.
The thrashing horror roars!
The redback bites you!
The redback bites you but does no damage.
The redback completely misses you.
There is a transporter here.
You enter the transporter and appear at another place.
The redback misses you. The redback bites you!
You are poisoned.
The redback poisons you!
You hit the redback.
The redback is poisoned.
Your tail-slap misses the redback.
The redback is lightly wounded.
You feel extremely sick. The redback bites you!
You hit the redback.
The redback looks as sick as possible!
You tail-slap the redback.
The redback is lightly wounded.
You feel very sick. The redback bites you!
You are lethally poisoned!
The redback poisons you! The redback closely misses you.
You barely miss the redback.
Your tail-slap misses the redback.
The redback is moderately wounded.
You feel extremely sick. The redback bites you.
You are more poisoned.
The redback poisons you!
Okay, then.
Aiming: Breathe Dispelling Energy (2% risk of failure)
Press: ? - help, Shift-Dir - straight line, f - redback
Aim: a redback (heavily wounded, berserk, extremely poisoned, 50% to hit)
You fail to use your ability.
* * * LOW HITPOINT WARNING * * *
You feel extremely sick.
The redback bites you but does no damage.
The redback bites you!
You die...

##≈.##..#s#.#..###≈##
##.#.##.#.##.## ##
##≈.##..##s##.≈##
#≈≈.##.#©.#.#.≈≈#
##≈.#.#s.##.#.≈##
##.#.###y^##.##
##≈.##(.s..##.≈##
#≈≈.#########.≈≈#
##≈....#@s.8#.≈##
##..8.#...©#.##
##≈....#©..8#.≈##
#≈≈.#########.≈≈#
##≈.###Xx...#.≈##
##.###x###.#.##
##≈.#X#..##.#.≈##
#≈≈.#x..©...#.≈≈#
##≈.#.##..#x#.≈##


You could see a moth of wrath, a thrashing horror, 3 redbacks and 2 small
abominations.

Vanquished Creatures
  Harold (D:9)
  A two-headed ogre (D:10)
  A centaur warrior (D:9)
  Urug (D:10)
  Nergalle (Lair:3)
  A black mamba (Lair:2)
  Joseph (D:10)
  A gargoyle (D:10)
  A rime drake (Lair:3)
  Psyche (D:8)
  2 cane toads (Lair:1)
  Maggie (D:8)
  3 komodo dragons (Lair:1)
  2 ice devils (Lair:1)
  A polar bear (Lair:1)
  3 blink frogs (Lair:3)
  Sigmund (D:5)
  3 wyverns
  2 shadows (Gauntlet)
  Eustachio (D:4)
  22 yaks
  A vampire (D:10)
  Grum (D:8)
  A steam dragon (D:8)
  A swamp worm (Gauntlet)
  5 water moccasins
  2 orc warriors
  3 black bears
  An ice beast (D:6)
  3 sky beasts (D:7)
  A centaur (D:10)
  4 wolves (D:8)
  2 phantoms (D:6)
  A kobold brigand (D:9)
  3 bullfrogs
  2 necrophages
  A scorpion (D:5)
  8 wights
  8 howler monkeys
  2 jellies
  A hound (D:5)
  5 orc priests
  2 gnoll shamans
  5 iguanas
  5 orc wizards
  12 gnolls
  3 adders
  2 shadow imps
  3 white imps
  2 ufetubi
  A worm (D:3)
  2 dart slugs
  25 orcs
  4 bats
  6 endoplasms
  2 giant cockroaches
  3 goblins
  6 hobgoblins
  3 jackals (D:1)
  3 quokkas
  3 ball pythons
  3 frilled lizards
  7 kobolds
  6 rats
215 creatures vanquished.

Vanquished Creatures (others)
  A fungus (D:3)
  4 plants
5 creatures vanquished.

Grand Total: 220 creatures vanquished

Notes
Turn   | Place    | Note
-------+----------+-------------------------------------------
     0 | D:1      | KennySheep the Draconian Berserker began the quest for the
                  | Orb.
     0 | D:1      | Reached XP level 1. HP: 19/19 MP: 1/1
    18 | D:1      | You fall into a shaft and drop 1 floor!
   360 | D:1      | Reached XP level 2. HP: 24/26 MP: 2/2
  2104 | D:3      | Reached skill level 1 in Stealth
  2141 | D:3      | Reached XP level 3. HP: 31/31 MP: 3/3
  2740 | D:3      | Found a faded altar of an unknown god.
  2958 | D:4      | Noticed Eustachio
  3016 | D:5      | Entered Level 5 of the Dungeon
  3016 | D:5      | Found a radiant altar of Vehumet.
  3018 | D:5      | Noticed a necrophage
  3027 | D:5      | Killed a necrophage
  3028 | D:5      | Reached skill level 4 in Long Blades
  3028 | D:5      | Reached XP level 4. HP: 40/40 MP: 4/4
  3034 | D:5      | Found a shimmering altar of Xom.
  3035 | D:5      | Noticed a scorpion
  3217 | D:5      | Killed a scorpion
  3218 | D:5      | Reached XP level 5. HP: 43/47 MP: 5/5
  3335 | D:5      | Found a staircase to the Ecumenical Temple.
  3648 | D:5      | Found a white marble altar of Elyvilon.
  3849 | D:5      | Reached XP level 6. HP: 55/55 MP: 6/6
  4005 | D:5      | Noticed Sigmund
  4132 | D:4      | Reached ** piety under Trog
  4133 | D:4      | Reached skill level 5 in Fighting
  4647 | D:4      | Killed Eustachio
  4648 | D:4      | Reached skill level 5 in Long Blades
  5452 | D:5      | Reached skill level 6 in Long Blades
  5452 | D:5      | Your scales start taking on a rich purple colour.
  5452 | D:5      | Reached XP level 7. HP: 58/61 MP: 7/7
  5581 | D:5      | Killed Sigmund
  6007 | Temple   | Entered the Ecumenical Temple
  6056 | D:6      | Reached skill level 7 in Long Blades
  6223 | D:6      | Reached skill level 8 in Long Blades
  6399 | D:6      | Reached XP level 8. HP: 63/68 MP: 8/8
  6989 | D:7      | Reached skill level 9 in Long Blades
  7009 | D:7      | HP: 3/68 [gnoll/+0 club (3)]
  7378 | D:8      | Found a transporter.
  7393 | D:8      | Noticed Cecur's ghost (novice OpEE)
  7455 | D:8      | Noticed Grum
  7475 | D:8      | Reached *** piety under Trog
  7482 | D:8      | Killed Grum
  7483 | D:8      | Reached skill level 10 in Long Blades
  7610 | D:8      | Reached XP level 9. HP: 48/75 MP: 9/9
  7619 | D:8      | Noticed Psyche
  7952 | D:8      | Noticed Maggie
  7971 | D:8      | Killed Maggie
  7972 | D:8      | Reached skill level 11 in Long Blades
  8200 | D:8      | Reached skill level 5 in Dodging
  8209 | D:8      | Killed Psyche
  8339 | D:8      | Found a transporter.
  8437 | D:8      | Found Acuzeol's Specific Store.
  8440 | D:8      | Found Seeph's General Store.
  8448 | D:8      | Bought a potion of mutation for 88 gold pieces
  8448 | D:8      | Bought a scroll of teleportation for 33 gold pieces
  8595 | D:8      | Reached XP level 10. HP: 69/86 MP: 10/10
  8884 | D:7      | Reached skill level 5 in Stealth
  9158 | D:7      | Found a blossoming altar of Fedhas.
  9833 | D:9      | Noticed Harold
  9898 | D:9      | Killed Harold
 10120 | D:9      | Reached skill level 12 in Long Blades
 10236 | D:9      | Noticed a centaur warrior
 10245 | D:9      | Killed a centaur warrior
 11160 | D:10     | Entered Level 10 of the Dungeon
 11160 | D:10     | Noticed a gargoyle
 11174 | D:10     | Killed a gargoyle
 11412 | D:10     | Noticed a two-headed ogre
 11424 | D:10     | Killed a two-headed ogre
 11507 | D:10     | Noticed Urug
 11519 | D:10     | Killed Urug
 11723 | D:10     | Noticed Joseph
 11729 | D:10     | Killed Joseph
 11730 | D:10     | Reached XP level 11. HP: 95/95 MP: 11/11
 12085 | D:10     | Found a staircase to the Lair.
 12284 | Lair:1   | Entered Level 1 of the Lair of Beasts
 12293 | Lair:1   | Reached **** piety under Trog
 12294 | Lair:1   | Reached skill level 13 in Long Blades
 12589 | Lair:1   | Found a frozen archway.
 12635 | IceCv    | Entered an ice cave
 13326 | Lair:2   | Reached skill level 1 in Evocations
 13360 | Lair:2   | Reached skill level 1 in Shields
 13565 | Lair:3   | Noticed Amaemon
 13631 | Lair:3   | Noticed Nergalle
 13634 | Lair:3   | Noticed a spectral orc warlord
 13647 | Lair:3   | Killed Nergalle
 13780 | Lair:3   | Identified a scroll of acquirement
 13780 | Lair:3   | Acquired 848 gold pieces
 13813 | Lair:3   | Reached XP level 12. HP: 106/106 MP: 12/12
 13849 | Lair:3   | Found a gate leading to a gauntlet.
 13858 | Gauntlet | Entered a Gauntlet
 13858 | Gauntlet | Found a transporter.
 13858 | Gauntlet | Found a runed translucent door.
 13865 | Gauntlet | Found a runed translucent door.
 13867 | Gauntlet | Found a transporter.
 13870 | Gauntlet | Found a transporter.
 13871 | Gauntlet | Found a transporter.
 13882 | Gauntlet | Found a transporter.
 13882 | Gauntlet | Found a transporter.
 13883 | Gauntlet | Found a transporter.
 13892 | Gauntlet | Found a transporter.
 13895 | Gauntlet | Found a transporter.
 13896 | Gauntlet | Found a transporter.
 13899 | Gauntlet | Noticed a minotaur
 13904 | Gauntlet | Found a transporter.
 13907 | Gauntlet | Found a transporter.
 13908 | Gauntlet | Found a transporter.
 13916 | Gauntlet | Found a transporter.
 14230 | Gauntlet | Identified the amulet of the Supporting Gods {Acrobat rC+}
 14237 | Gauntlet | Slain by a redback

Illustrated notes

Levels and vault maps discovered:
D:1:      matt_arrival_grand_opening, layout_basic
D:2:      layout_basic, chequers_big_river
D:3:      layout_basic, shapermc_ecumenical_altar_rom_forum
D:4:      nicolae_cairo_tiling_very_big, layout_basic, uniq_eustachio
D:5:      layout_loops_ring, mainiacjoe_overflow_24_doors,
          nicolae_overflow_hidden_temple, minmay_temple_entry_junction_2,
          chequers_serial_rivers_micro_e, sigmund_army, uniq_sigmund
D:6:      layout_rooms, eino_tiny_chamber
D:7:      layout_basic, fedhas_altar_4, hangedman_decor_slide_cut,
          feat_on_display
D:8:      layout_basic, gammafunk_ghost_stat_death, nicolae_benzene_ring,
          nicolae_specific_store, uniq_grum, uniq_psyche, uniq_maggie
D:9:      layout_layer_cave, kennysheep_generic_room_11, uniq_harold
D:10:     layout_roguey, david_lair_generic, uniq_joseph, uniq_urug
Temple:   nicolae_temple_no_exploring_needed
Lair:1:   layout_regular_city, portal_ice_cave_demonic_guard, st_stairs_8,
          lemuel_fruit_fields
Lair:2:   layout_small_grid, columned_hall_lemuel
Lair:3:   layout_cave_pods, gauntlet_entry_generic, small_statue_intersection,
          cheibrodos_lair_caveside_slide, roderic_carrion_pond, uniq_fannar,
          uniq_nergalle, uniq_amaemon
Gauntlet: gammafunk_gauntlet_77_escape_option [minmay_gauntlet_arena_77_cramped,
          minmay_gauntlet_arena_77_chump_sandwich,
          minmay_gauntlet_arena_77_tiled_triplets,
          minmay_gauntlet_arena_77_mess, minmay_gauntlet_arena_77_p_blocks,
          gauntlet_exit_green]

Skill      XL: |  1  2  3  4  5  6  7  8  9 10 11 12 |
---------------+-------------------------------------+-----
Stealth        | 1 2 3 4 6 7 |  7.9
Dodging        | 3 4 5 6 7 |  7.8
Fighting       | 4 5 7 8 9 |  9.7
Long Blades    | 4 6 8 10 11 12 13 | 13.9
Evocations     | 2 |  2.3
Shields        | 1 2 |  2.1

Action                   |  1- 3 |  4- 6 |  7- 9 | 10-12 || total
-------------------------+-------+-------+-------+-------++-------
Melee: Falchion          |    53 |       |       |       ||    53
       Tailslap          |    15 |     9 |    38 |    78 ||   140
       Long sword        |    46 |    72 |       |       ||   118
       Punch             |     1 |       |       |     7 ||     8
       Demon blade       |       |    23 |   254 |   417 ||   694
       Dagger            |       |       |       |     1 ||     1
Invok: Berserk           |     1 |     2 |     4 |     6 ||    13
       Trog's Hand       |       |       |     1 |     1 ||     2
 Abil: Breathe Dispellin |       |       |     9 |     2 ||    11
Evoke: Wand              |       |       |       |     1 ||     1
  Use: Scroll            |       |     5 |     2 |     6 ||    13
       Potion            |       |       |     7 |       ||     7
 Stab: Sleeping          |       |     2 |     1 |     9 ||    12
       Distracted        |       |       |     1 |       ||     1
Armor: Skin              |    38 |    38 |    58 |   121 ||   255
Dodge: Dodged            |    56 |    66 |   117 |   196 ||   435
Block: Buckler           |       |       |       |    19 ||    19

Table legend: (Time is in decaauts)
 A = Elapsed time spent in this place.
 B = Non-inter-level travel time spent in this place.
 C = Inter-level travel time spent in this place.
 D = Time resting spent in this place.
 E = Time spent auto-exploring this place.
 F = Levels seen in this place.
 G = Mean time per level.
                   A        B        C        D        E       F      G
               +--------+--------+--------+--------+--------+-----+--------+
         Total |  14216 |  13646 |    570 |   2489 |   8744 |  16 |  888.5 |
       Dungeon |  12345 |  11868 |    477 |   2315 |   7851 |  10 | 1234.5 |
        Temple |      1 |      1 |      0 |      0 |      0 |   1 |    1.0 |
          Lair |   1460 |   1367 |     93 |    166 |    771 |   3 |  486.7 |
      Ice Cave |     38 |     38 |      0 |      8 |      8 |   1 |   38.0 |
      Gauntlet |    370 |    370 |      0 |      0 |    114 |   1 |  370.0 |
               +--------+--------+--------+--------+--------+-----+--------+

Top non-repeatable levels by time:
     D:5: 1963 daAuts
     D:8: 1610 daAuts
     D:4: 1489 daAuts
     D:2: 1454 daAuts
     D:9: 1348 daAuts
     D:7: 1186 daAuts
    D:10: 1150 daAuts
  Lair:1: 974 daAuts
     D:3: 951 daAuts
     D:6: 645 daAuts
     D:1: 545 daAuts
Gauntlet: 370 daAuts
  Lair:3: 338 daAuts
  Lair:2: 147 daAuts
   IceCv: 38 daAuts
